 Dungeon Crawl Stone Soup version 0.32-a0-391-gce5c0aab1b (webtiles) character file.

Game seed: 13874865463397867578

24490 jboons the Spear-Bearer (level 13, -6/108 HPs)
             Began as a Coglin Reaver on Feb 20, 2024.
             Was an Elder of the Shining One.
             Engulfed by a cloud of flame (15 damage)
             ... on level 2 of the Abyss.
             The game lasted 00:44:41 (16078 turns).

jboons the Spear-Bearer (Coglin Reaver)            Turns: 16078, Time: 00:44:41

Health: -6/108     AC: 19    Str: 18    XL:     13   Next: 13%
Magic:  10/15      EV: 11    Int: 12    God:    the Shining One [****..]
Gold:   394        SH:  0    Dex: 13    Spells: 13/16 levels left

rFire   . . .        a - +0 trident {Balvinder}
rCold   . . .        b - +2 trident {Adalbert}
rNeg    + + .        t - +4 swamp dragon scales
rPois   +            g - +1 helmet
rElec   .            j - +2 cloak {Will+}
rCorr   .            s - +1 Delatra's gloves {ID++}
SInv    .            G - +0 pair of boots
Will    +....        e - amulet of regeneration
Stlth   +            (no ring)
HPRegen 1.18/turn    (no ring)
MPRegen 0.14/turn

%: no passive effects
@: glowing, stiff-legged, very slow
A: off-hand wielding, slow wielding, warmup strikes, warmup strides, [low MP 2]
a: Renounce Religion, Divine Shield, Cleansing Flame


You were on level 2 of the Abyss.
You worshipped the Shining One.
The Shining One was greatly pleased with you.
You visited 2 branches of the dungeon, and saw 13 of its levels.
You visited the Abyss 1 time.

You collected 759 gold pieces.
You spent 365 gold pieces at shops.

Inventory:

Hand Weapons
 a - a +0 trident (weapon) {Balvinder}
 b - a +2 trident (worn) {Adalbert}
 l - a +1 demon trident of electrocution
Missiles
 B - 2 throwing nets
Armour
 g - a +1 helmet (worn)
 j - a +2 cloak of willpower (worn)
 s - the +1 Delatra's gloves (worn) {ID++}
   (You found it on level 3 of the Dungeon)

   ID++:      It heals its wearer when they drink unknown potions, and restores
   their MP when they read unknown scrolls.
 t - +4 swamp dragon scales (worn)
 v - a scarf of resistance
 F - a +1 scale mail of willpower
 G - a +0 pair of boots (worn)
Jewellery
 e - an amulet of regeneration (around neck)
 y - a ring of fire
 J - a ring of protection from fire
 K - a ring of wizardry
Wands
 h - a wand of charming (27)
 i - a wand of flame (14)
 w - a wand of light (6)
 A - a wand of polymorph (3)
 D - a wand of mindburst (9)
 M - a wand of iceblast (5)
Scrolls
 d - 2 scrolls of silence
 f - a scroll of fear
 k - 3 scrolls of revelation
 n - 2 scrolls of immolation
 r - 3 scrolls of amnesia
 x - 2 scrolls of enchant weapon
 C - 2 scrolls of fog
 P - a scroll of brand weapon
Potions
 c - 3 potions of attraction
 o - 2 potions of lignification
 p - a potion of magic
 q - a potion of curing
 u - a potion of cancellation {unknown}
 z - 3 potions of heal wounds {unknown}
 E - a potion of invisibility {unknown}
 H - a potion of berserk rage {unknown}
 I - a potion of mutation {unknown}
 O - a potion of degeneration {unknown}


   Skills:
 + Level 12.3 Fighting
 - Level 14.0 Polearms
 - Level 1.7 Dodging
 - Level 2.0 Spellcasting
 - Level 3.0 Conjurations
 - Level 3.0 Translocations
 + Level 8.3 Invocations


You had 13 spell levels left.
You knew the following spells:

 Your Spells              Type           Power      Damage    Failure   Level
a - Kiss of Death         Conj/Necr      16%        2d6       26%         1
b - Momentum Strike       Conj/Tloc      16%        3d8       22%         2

Your spell library contained the following spells:

 Spells                   Type           Power      Damage    Failure   Level
 Gell's Gravitas          Tloc           8%         N/A       38%         3
 Teleport Other           Tloc           8%         N/A       38%         3
 Ensorcelled Hibernation  Hex/Ice        2%         N/A       58%         2
 Dazzling Flash           Conj/Hex       8%         N/A       61%         3
 Hailstorm                Conj/Ice       4%         3d5       61%         3
 Volatile Blastmotes      Fire/Tloc      8%         2d10      61%         3
 Iskenderun's Mystic Bla  Conj/Tloc      8%         2d4       80%         4
 Manifold Assault         Tloc           8%         N/A       80%         4
 Frozen Ramparts          Ice            2%         1d1       82%         3
 Fugue of the Fallen      Necr           1%         N/A       82%         3
 Inner Flame              Hex/Fire       1%         N/A       82%         3
 Tukima's Dance           Hex            1%         N/A       82%         3
 Dimensional Bullseye     Hex/Tloc       2%         N/A       95%         4
 Anguish                  Hex/Necr       0%         N/A       99%         4
 Animate Armour           Summ/Erth      2%         N/A       99%         4
 Leda's Liquefaction      Alch/Erth      0%         N/A       99%         4
 Petrify                  Alch/Erth      1%         N/A       99%         4
 Summon Lightning Spire   Summ/Air       1%         N/A       99%         4
 Irradiate                Conj/Alch      2%         3d12      100%        5
 Lee's Rapid Deconstruct  Erth           0%         3d4*      100%        5
 Metabolic Englaciation   Hex/Ice        0%         N/A       100%        5
 Bombard                  Conj/Erth      2%         9d1       100%        6
 Dispersal                Tloc           4%         N/A       100%        6
 Starburst                Conj/Fire      2%         6d3       100%        6
 Disjunction              Tloc           4%         N/A       100%        8
 Ignition                 Fire           0%         3d3       100%        8
 Maxwell's Capacitive Co  Air            0%         ∞         100%        8


Dungeon Overview and Level Annotations

Branches:
Dungeon (11/15)            Temple (0/1) D:6            Lair (2/5) D:10
    Orc (0/2) D:10
  Swamp: Lair:2-3    Shoals: Lair:2-3     Snake: Lair:2-3    Spider: Lair:2-3

Altars:
Ashenzari
Cheibriados
Dithmenos
Elyvilon
Fedhas
Gozag
Hepliaklqana
Nemelex Xobeh
Qazlal
Ru
Trog
Uskayaw
Vehumet
Wu Jian
Zin
The Shining One

Shops:
D:10 [

Annotations:
D:3 1 runed translucent door, yunocchi's ghost, amateur MDRe
D:11 2 transporters
Lair:1 3 runed translucent doors, exclusion: oklob plant, Nyony's ghost, journeyman TrSh
Lair:2 Gastronok; Sonja


Innate Abilities, Weirdness & Mutations

You can wield a second weapon in your off-hand.
It takes a long time for you to wield or remove held weapons.
Your first few attacks do less damage.
Your first movements take longer.
[Your magical capacity is very low. (-20% MP)]


Message History

You can move again.
Okay, then.
You feel better. The golden eye blinks at you.
You resist with almost no effort. The golden eye blinks at you.
You resist with almost no effort.
Okay, then.
As you read the scroll of immolation, it crumbles to dust.
The creatures around you are filled with an inner flame!
The golden eye blinks!
A deafening chorus of shrieks assaults your mind!
You shrug off the repeated paralysis!
Okay, then.
Activating: Cleansing Flame (16% risk of failure)
Press: ? - help, Dir - look around, f - activate The golden flame engulfs you but does no damage.
The golden flame engulfs the golden eye!!
The golden flame engulfs the starcursed mass!!
The golden flame engulfs the golden eye!!
The golden flame engulfs the starcursed mass!!
You can no longer summon a divine warrior.
The starcursed mass explodes!
The fiery explosion engulfs the starcursed mass!!!
The fiery explosion engulfs you!
The starcursed mass explodes!
The fiery explosion engulfs the starcursed mass!!!
The starcursed mass explodes!
The fiery explosion engulfs the starcursed mass!!! x2
The starcursed mass explodes! x2
The Shining One accepts your kill.
You feel a bit more experienced.
The golden eye explodes!
The starcursed mass explodes!
The fiery explosion engulfs you!!!
* * * LOW HITPOINT WARNING * * *
The golden eye explodes!
The fiery explosion engulfs you!!
* * * LOW HITPOINT WARNING * * *
You are engulfed in blazing flames.
You die...

#### ##...# .....
....# # ##.. ..
#...##.##
#@##.######
##§§§§#. .##
#§§§§##.#.#.. .
#§#§#§§§X...... .
......##§# #.#.#.
.........#.#.#.#
.... .....# # #. .
............#......
... ........X. ##..


There were no monsters in sight!

Vanquished Creatures
  Erolcha (D:10)
  A boulder beetle (D:11)
  A catoblepas (Lair:1)
  2 two-headed ogres
  A tengu warrior (D:11)
  Urug (D:10)
  A thrashing horror (Abyss:1)
  A spatial maelstrom (Abyss:2)
  3 skeletal warriors (D:11)
  A phantasmal warrior (Abyss:1)
  A cyclops (D:11)
  An ugly thing (D:11)
  Joseph (D:10)
  A smoke demon (Abyss:1)
  A centaur skeleton (Abyss:2)
  A large abomination (Abyss:1)
  3 cane toads (Lair:1)
  An unseen horror (D:11)
  A rime drake (Lair:1)
  5 komodo dragons
  A freezing wraith (Abyss:1)
  4 trolls
  An ancient zyme (Abyss:1)
  Prince Ribbit (D:5)
  A hornet (D:11)
  3 blink frogs (Lair:1)
  22 yaks
  2 wraiths (D:11)
  A shadow (D:11)
  2 wyverns
  2 golden eyes (Abyss:2)
  A basilisk (Lair:1)
  4 vampire mosquitoes
  3 steam dragons
  An acid dragon (D:9)
  A small abomination (Abyss:1)
  6 water moccasins
  2 ice beasts
  An orc warrior (D:10)
  A sky beast (D:7)
  4 black bears (D:10)
  An ogre (D:5)
  6 starcursed masses (Abyss:2)
  6 wolves (Lair:1)
  2 phantoms
  3 kobold brigands
  9 bullfrogs
  A brain worm (Abyss:1)
  4 scorpions
  A gnoll sergeant (D:6)
  11 wights
  15 killer bees
  3 howler monkeys
  2 bombardier beetles
  A jelly (D:5)
  2 orc priests
  5 hounds
  An iron imp (Abyss:1)
  An iguana (D:5)
  5 orc wizards
  4 gnolls (D:6)
  9 adders
  2 shadow imps
  2 white imps
  6 ufetubi
  A ribbon worm (D:3)
  13 orcs
  6 endoplasms
  3 giant cockroaches
  6 goblins
  3 hobgoblins
  8 jackals (D:4)
  4 quokkas
  10 ball pythons
  7 bats
  3 frilled lizards
  29 kobolds
  6 rats
  A spectral hobgoblin (D:4)
295 creatures vanquished.

Vanquished Creatures (collateral kills)
  A hornet (D:9)
1 creature vanquished.

Grand Total: 296 creatures vanquished

Notes
Turn   | Place    | Note
-------+----------+-------------------------------------------
     0 | D:1      | jboons the Coglin Reaver began the quest for the Orb.
     0 | D:1      | Reached XP level 1. HP: 16/16 MP: 3/3
   131 | D:1      | Reached XP level 2. HP: 22/23 MP: 4/4
   379 | D:1      | Reached XP level 3. HP: 29/29 MP: 5/5
  1034 | D:1      | Learned a level 2 spell: Momentum Strike
  1253 | D:2      | Reached XP level 4. HP: 37/37 MP: 6/6
  1736 | D:2      | Found a faded altar of an unknown god.
  2069 | D:3      | Found a glowing golden altar of the Shining One.
  2253 | D:3      | Found the +1 Delatra's gloves {ID++}
  2273 | D:3      | Noticed a bullfrog
  2274 | D:3      | Found a runed translucent door.
  2277 | D:3      | Noticed yunocchi's ghost (amateur MDRe)
  2679 | D:3      | Reached XP level 5. HP: 40/43 MP: 8/8
  3091 | D:3      | Reached skill level 1 in Translocations
  3473 | D:3      | Became a worshipper of the Shining One
  3565 | D:4      | Reached skill level 5 in Fighting
  3680 | D:4      | Reached XP level 6. HP: 51/51 MP: 6/9
  3711 | D:4      | Reached skill level 3 in Polearms
  3740 | D:4      | Found an opulent altar of Gozag.
  4012 | D:4      | Found a hazy altar of Hepliaklqana.
  4081 | D:4      | Found a blossoming altar of Fedhas.
  4197 | D:4      | Reached skill level 4 in Polearms
  4204 | D:4      | Reached XP level 7. HP: 48/56 MP: 4/10
  4518 | D:5      | Entered Level 5 of the Dungeon
  4548 | D:5      | Identified the +8 mace "Leymu Piczo" {flame, *Slow Will+
                  | Int+6}
  4599 | D:5      | Reached * piety under the Shining One
  4610 | D:5      | Reached skill level 5 in Polearms
  4781 | D:5      | Reached skill level 1 in Invocations
  4989 | D:5      | Noticed Prince Ribbit
  5010 | D:5      | Killed Prince Ribbit
  5011 | D:5      | Reached skill level 6 in Polearms
  5011 | D:5      | Reached XP level 8. HP: 38/62 MP: 0/11
  5934 | D:6      | Identified the +1 leather armour of Okoblob {Harm rF- Will+
                  | Regen+}
  6128 | D:6      | Found a radiant altar of Vehumet.
  6345 | D:6      | Found a staircase to the Ecumenical Temple.
  6641 | D:6      | Reached skill level 7 in Polearms
  6730 | D:6      | Noticed Maggie
  6732 | D:6      | Maggie changed into Maggie the ice beast
  6732 | D:6      | Noticed Maggie
  6749 | D:6      | Killed Maggie the ice beast
  6921 | D:6      | Found a staircase to the Ecumenical Temple.
  6941 | D:6      | Found a radiant altar of Vehumet.
  7568 | D:7      | Noticed a wyvern
  7626 | D:7      | Killed a wyvern
  7627 | D:7      | Reached XP level 9. HP: 38/68 MP: 6/12
  7758 | D:7      | Reached skill level 8 in Polearms
  7931 | D:7      | Found a broken altar of Ashenzari.
  8042 | D:7      | Reached skill level 9 in Polearms
  8213 | D:7      | Found a snail-covered altar of Cheibriados.
  8404 | D:7      | Found a bloodstained altar of Trog.
  8644 | D:7      | Reached skill level 10 in Polearms
  9050 | D:8      | Found a shadowy altar of Dithmenos.
  9242 | D:8      | Found a sacrificial altar of Ru.
  9243 | D:8      | Found a white marble altar of Elyvilon.
  9245 | D:8      | Found an ornate altar of the Wu Jian Council.
  9245 | D:8      | Found a hide-covered altar of Uskayaw.
  9245 | D:8      | Found a stormy altar of Qazlal.
  9246 | D:8      | Found a sparkling altar of Nemelex Xobeh.
  9587 | D:9      | Reached ** piety under the Shining One
  9999 | D:9      | Reached XP level 10. HP: 42/77 MP: 13/13
 10179 | D:9      | Paralysed by a hornet for 3 turns
 10561 | D:9      | Noticed a two-headed ogre
 10794 | D:9      | Killed a two-headed ogre
 11087 | D:10     | Entered Level 10 of the Dungeon
 11143 | D:10     | Reached skill level 11 in Polearms
 11231 | D:10     | Found a staircase to the Lair.
 11277 | D:10     | Noticed Joseph
 11294 | D:10     | Found Kinki's Armour Shoppe.
 11318 | D:10     | Bought a +2 cloak of willpower for 365 gold pieces
 11361 | D:10     | Noticed Urug
 11374 | D:10     | Killed Urug
 11375 | D:10     | Reached skill level 12 in Polearms
 11418 | D:10     | Reached XP level 11. HP: 74/86 MP: 14/14
 11595 | D:10     | Killed Joseph
 11637 | D:10     | Found a glowing silver altar of Zin.
 11660 | D:10     | Reached skill level 5 in Invocations
 11882 | D:10     | Found a staircase to the Orcish Mines.
 12121 | D:10     | Noticed a two-headed ogre
 12134 | D:10     | Killed a two-headed ogre
 12135 | D:10     | Reached skill level 13 in Polearms
 12238 | D:10     | Noticed Erolcha
 12248 | D:10     | Killed Erolcha
 12297 | D:10     | Found a staircase to the Lair.
 12372 | D:10     | Found a glowing silver altar of Zin.
 12408 | D:10     | Found a staircase to the Orcish Mines.
 12542 | D:10     | Found Kinki's Armour Shoppe.
 12939 | D:11     | Noticed a skeletal warrior
 12940 | D:11     | Noticed a skeletal warrior
 12986 | D:11     | Noticed a boulder beetle
 13007 | D:11     | Killed a boulder beetle
 13064 | D:11     | Noticed a purple ugly thing
 13076 | D:11     | Killed a purple ugly thing
 13180 | D:11     | Noticed a cyclops
 13180 | D:11     | Reached *** piety under the Shining One
 13196 | D:11     | Killed a cyclops
 13197 | D:11     | Reached skill level 14 in Polearms
 13405 | D:11     | Noticed a cyclops
 13419 | D:11     | Found a transporter.
 13419 | D:11     | Found a transporter.
 13419 | D:11     | Noticed a cyclops
 13421 | D:11     | Noticed an orc knight
 13422 | D:11     | Noticed a white ugly thing
 13531 | D:11     | Killed a skeletal warrior
 13532 | D:11     | Reached XP level 12. HP: 82/94 MP: 14/16
 13592 | D:11     | Noticed a centaur warrior
 13727 | D:11     | Noticed a tengu warrior
 13767 | D:11     | Killed a tengu warrior
 13986 | Lair:1   | Entered Level 1 of the Lair of Beasts
 13986 | Lair:1   | Found a runed translucent gate.
 13987 | Lair:1   | Found a runed translucent gate.
 13988 | Lair:1   | Found a runed translucent gate.
 14155 | Lair:1   | Reached skill level 10 in Fighting
 14437 | Lair:1   | Noticed a catoblepas
 14454 | Lair:1   | Killed a catoblepas
 14612 | Lair:1   | Reached **** piety under the Shining One
 14612 | Lair:1   | Noticed Nyony's ghost (journeyman TrSh)
 14613 | Lair:1   | Noticed an ice dragon
 15288 | Lair:2   | Noticed Gastronok
 15378 | Lair:2   | Noticed Sonja
 15571 | Lair:2   | Sonja changed into Sonja the centaur
 15571 | Lair:2   | Noticed Sonja
 15580 | Abyss:1  | Found a corrupted altar of Lugonu.
 15580 | Abyss:1  | Cast into level 1 of the Abyss (Sonja)
 15763 | Abyss:1  | Reached XP level 13. HP: 69/107 MP: 19/19
 15883 | Abyss:1  | Noticed an eidolon
 16040 | Abyss:2  | Noticed a starflower
 16040 | Abyss:2  | Noticed a starflower
 16040 | Abyss:2  | Noticed a starflower
 16040 | Abyss:2  | Noticed a starflower
 16063 | Abyss:2  | Noticed a starcursed mass
 16069 | Abyss:2  | Reached ***** piety under the Shining One
 16075 | Abyss:2  | Paralysed by accursed screaming for 1 turns
 16078 | Abyss:2  | Engulfed by a cloud of flame

Illustrated notes

Levels and vault maps discovered:
D:1:      psy_arrival_statuary, layout_loops_corners, serial_glass,
          glass_columns_a, glass_columns_b
D:2:      layout_loops_cross, chequers_ecumenical_altar_lobes,
          patterned_corridor
D:3:      layout_loops_corners, nicolae_overflow_crystal_walls,
          ebering_ghost_sewer_d, serial_co_window_serial, co_window_paths_b,
          co_window_cross_1, co_window_of_opportunity_a,
          co_window_of_opportunity_a, co_window_paths_a,
          co_window_unsneaky_path_e, co_window_unsneaky_path_c,
          co_window_2corner, co_window_2corner, co_window_paths_c,
          co_window_paths_d, glass_columns_c, glass_columns_b, glass_columns_a,
          glass_columns_a, minivault_5
D:4:      layout_rooms, grunt_gozag_breadcrumbs, kennysheep_mini_moat,
          nicolae_hepliaklqana_monster_ancestors, minmay_misc_feat_iff
D:5:      layout_rooms, serial_park_tiny_pond, nicolae_letterblocks
          [nicolae_letter_subblock, nicolae_letter_subblock,
          nicolae_letter_subblock, nicolae_letter_subblock,
          nicolae_letter_subblock, nicolae_letter_subblock,
          nicolae_letter_subblock, nicolae_letter_subblock,
          nicolae_letter_subblock, nicolae_letter_subblock,
          nicolae_letter_subblock, nicolae_letter_subblock,
          nicolae_letter_subblock, nicolae_letter_subblock,
          nicolae_letter_subblock, nicolae_letter_subblock,
          nicolae_letter_subblock, nicolae_letter_subblock,
          nicolae_letter_subblock, nicolae_letter_subblock,
          nicolae_letter_subblock, nicolae_letter_subblock,
          nicolae_letter_subblock, nicolae_letter_subblock,
          nicolae_letter_subblock], uniq_prince_ribbit1
D:6:      layout_basic, vehumet_crystals, temple_statues, uniq_maggie
D:7:      layout_rooms, slow_altar_1, lightli_temple_of_fire,
          mainiacjoe_overflow_brackets
D:8:      layout_loops_ring, mainiacjoe_overflow_paths,
          grunt_temple_overflow_open
D:9:      layout_basic
D:10:     layout_basic, mainiacjoe_overflow_chevrons,
          due_lair_maze_entry_diamond, orc_0_dummy, serial_glass,
          glass_columns_c, glass_columns_c, item_on_display_a, serial_shops,
          shop, uniq_urug, uniq_erolcha, uniq_joseph
D:11:     gammafunk_the_bubble [the_bubble_gammafunk_plus_minus],
          layout_irregular_city
Lair:1:   layout_gridlike, gammafunk_ghost_icy, grunt_forest_large_clearings
Lair:2:   layout_regular_city, mainiacjoe_shoals_entry_four_pools,
          gammafunk_ghost_hydra_chop, beast_lair_carwin_9, uniq_sonja,
          uniq_gastronok, uniq_erica
Abyss:2:  base: D:3, spicy_abyss_helpful_harpoons

Skill      XL: |  1  2  3  4  5  6  7  8  9 10 11 12 13 |
---------------+----------------------------------------+-----
Fighting       | 3 4 5 6 8 11 12 | 12.3
Spellcasting   | 2 |  2.0
Translocations | 3 |  3.0
Conjurations   | 3 |  3.0
Polearms       | 4 6 7 10 12 14 | 14.0
Invocations    | 2 4 5 8 |  8.3
Dodging        | |  1.7

Action                     |  1- 3 |  4- 6 |  7- 9 | 10-12 | 13-15 || total
---------------------------+-------+-------+-------+-------+-------++-------
  Melee: Spear             |    87 |   329 |   483 |   174 |       ||  1073
         Dagger            |    53 |    72 |       |       |       ||   125
         Trident           |       |       |    35 |   949 |   116 ||  1100
   Cast: Momentum Strike   |       |     7 |    36 |     6 |       ||    49
 Invoke: Divine Shield     |       |       |     5 |     6 |     1 ||    12
         Cleansing Flame   |       |       |       |       |     1 ||     1
  Evoke: Wand              |       |       |     7 |    10 |     1 ||    18
    Use: Potion            |       |     1 |     2 |     4 |     4 ||    11
         Scroll            |       |       |    14 |     8 |     2 ||    24
   Stab: Sleeping          |       |     1 |       |       |       ||     1
 Armour: Leather armour    |    18 |   128 |   131 |    17 |       ||   294
         Chain mail        |    14 |       |       |       |       ||    14
         Swamp dragon scal |       |       |       |   223 |    43 ||   266
         Skin              |       |       |       |       |     2 ||     2
  Dodge: Dodged            |    25 |   107 |   100 |   158 |     8 ||   398
  Block: Other             |       |       |    12 |    18 |     5 ||    35

Table legend: (Time is in decaauts)
 A = Elapsed time spent in this place.
 B = Non-inter-level travel time spent in this place.
 C = Inter-level travel time spent in this place.
 D = Time resting spent in this place.
 E = Time spent auto-exploring this place.
 F = Levels seen in this place.
 G = Mean time per level.
                   A        B        C        D        E       F      G
               +--------+--------+--------+--------+--------+-----+--------+
         Total |  16081 |  15137 |    944 |   1411 |  10609 |  15 | 1072.1 |
       Dungeon |  14057 |  13216 |    841 |   1063 |   9580 |  11 | 1277.9 |
          Lair |   1544 |   1442 |    102 |    123 |   1029 |   2 |  772.0 |
         Abyss |    478 |    478 |      0 |    224 |      0 |   2 |  239.0 |
               +--------+--------+--------+--------+--------+-----+--------+

Top non-repeatable levels by time:
     D:6: 1935 daAuts
    D:10: 1843 daAuts
     D:3: 1474 daAuts
  Lair:1: 1441 daAuts
     D:9: 1427 daAuts
     D:5: 1183 daAuts
     D:7: 1147 daAuts
     D:1: 1112 daAuts
     D:4: 1091 daAuts
     D:2: 1027 daAuts
    D:11: 952 daAuts
     D:8: 863 daAuts
 Abyss:1: 440 daAuts
  Lair:2: 103 daAuts
 Abyss:2: 38 daAuts
